 Dungeon Crawl Stone Soup version 0.22-a0-348-gd16d139 (webtiles) character file.

9358 grizmgrazm2 the Martial Artist (level 11, -1/84 HPs)
             Began as a Gnoll Transmuter on Apr 9, 2018.
             Was a High Priest of Ru.
             Slain by an orc warrior
             ... wielding a +0 battleaxe
              (23 damage)
             ... on level 1 of the Orcish Mines.
             The game lasted 00:53:05 (14144 turns).

grizmgrazm2 the Martial Artist (Gnoll Transmuter)  Turns: 14144, Time: 00:53:06

Health: -1/84      AC:  2    Str: 19    XL:     11   Next: 45%
Magic:  21/23      EV: 29    Int: 16    God:    Ru [*****.]
Gold:   717        SH:  0    Dex: 21    Spells: 11/26 levels left

rFire    . . .     SeeInvis .     - Unarmed
rCold    . . .     Gourm    .   (shield unavailable)
rNeg     . . .     Faith    .   (armour currently unavailable)
rPois    x         Spirit   .   (helmet currently unavailable)
rElec    .         Reflect  .   (cloak currently unavailable)
rCorr    .         Harm     .   (gloves currently unavailable)
MR       .....                  (boots currently unavailable)
Stlth    ..........             (no amulet)
HPRegen  0.24/turn              (ring unavailable)
MPRegen  0.18/turn              o - +4 ring of strength

@: spider-form
A: tiny, distributed training, missing a hand, no stealth, inexperienced 1,
strong nose
a: End Transformation, Draw Out Power, Power Leap, Apocalypse, Renounce Religion


You were on level 1 of the Orcish Mines.
You worshipped Ru.
Ru was extremely pleased with you.
You were not hungry.
You were a venomous arachnid creature.
You visited 2 branches of the dungeon, and saw 11 of its levels.

You collected 1270 gold pieces.
You spent 553 gold pieces at shops.

Inventory:

Hand Weapons
 h - a +2 flail of protection (melded)
Missiles
 a - 165 arrows
 z - 2 throwing nets (quivered)
Armour
 c - a +2 pair of gloves (melded)
 j - a +2 ring mail (melded)
 l - a +2 helmet (melded)
 B - a scarf of resistance (melded)
Jewellery
 n - an uncursed ring of ice
 o - a +4 ring of strength (right front leg)
 r - an uncursed ring of flight
 w - an uncursed amulet of rage
 A - an uncursed ring of protection from magic
Wands
 p - a wand of iceblast (4)
 q - a wand of random effects (30)
 u - a wand of flame (15)
Scrolls
 b - 2 scrolls of teleportation
 t - a scroll of torment
 v - 2 scrolls of remove curse
 D - a scroll of magic mapping
 E - a scroll of identify
Potions
 i - a potion of lignification
 k - 2 potions of cancellation
 x - a potion of mutation
 C - a potion of flight
Comestibles
 d - 29 rations


   Skills:
 + Level 7.1 Fighting
 + Level 6.5 Short Blades
 + Level 6.5 Long Blades
 + Level 6.5 Axes
 + Level 6.5 Maces & Flails
 + Level 6.5 Polearms
 + Level 6.5 Staves
 + Level 6.5 Slings
 + Level 6.3 Bows
 + Level 6.5 Crossbows
 + Level 6.5 Throwing
 + Level 6.5 Armour
 + Level 8.1 Dodging
   Level 0.0 Stealth
   Level 0.0 Shields
 + Level 9.3 Unarmed Combat
 + Level 8.3 Spellcasting
 + Level 5.4 Conjurations
 + Level 5.4 Hexes
 + Level 5.4 Charms
 + Level 5.4 Summonings
 + Level 5.4 Necromancy
 + Level 5.4 Translocations
 + Level 6.7 Transmutations
 + Level 5.4 Fire Magic
 + Level 5.4 Ice Magic
 + Level 5.4 Air Magic
 + Level 5.4 Earth Magic
 + Level 5.4 Poison Magic
 + Level 7.2 Invocations
 + Level 6.5 Evocations


You had 11 spell levels left.
You knew the following spells:

 Your Spells              Type           Power        Failure   Level  Hunger
a - Beastly Appendage     Tmut           ####..       4%          1    None
b - Spider Form           Tmut/Pois      ####......   10%         3    #......
c - Sticks to Snakes      Tmut           ####....     5%          2    None
d - Ice Form              Ice/Tmut       ####....     22%         4    ###....
e - Blade Hands           Tmut           ####......   38%         5    #####..


Dungeon Overview and Level Annotations

Branches:
Dungeon (9/15)             Temple (0/1) D:5             Orc (2/2) D:9
   Lair: D:8-11         Elf: Orc:2

Altars:
Ashenzari
Dithmenos
Fedhas
Gozag
Hepliaklqana
Kikubaaqudgha
Nemelex Xobeh
Okawaru
Qazlal
Ru
Sif Muna
Uskayaw
Vehumet
Xom
Zin

Shops:
D:8 ?


Innate Abilities, Weirdness & Mutations

Your experience applies equally to all skills.
((You have very sharp teeth.))
You are missing a hand.
You cannot be stealthy.
You are somewhat inexperienced. (-2 XL)
Your uncanny sense of smell can sniff out nearby items.


Message History

Beogh smites you! The orc warrior misses you.
The orc wizard mumbles some strange words.
The orc wizard seems to speed up.
The orc warrior hits you with a battleaxe!!
* * * LOW HITPOINT WARNING * * *
You climb upwards.
There is a stone staircase leading down, spattered with blood here.
Unknown command.
You hit the orc warrior but do no damage.
The orc warrior is poisoned.
The orc warrior is moderately wounded.
You hit the orc warrior but do no damage.
The orc warrior is moderately wounded.
The orc warrior misses you.
You hit the orc warrior.
The orc warrior is heavily wounded.
You hit the orc warrior.
The orc warrior is severely wounded.
The orc warrior hits you with a battleaxe!!
You die...

,,,#....)..##......###
,,###..##............###
###.....#.....#.###..#.##
#.#...####....### #..)..##
##.....##.......###..###.#
..##....#...#..###...###[###
...###..#...#...#..###.....#
..#####.)..####))[.###.....##
....# ##.###
#.os[##........### #...####.#
######......#....##
##^....#.# #.###....###....#
##....#### ##....#####....##
#....#.# ##......##...#.#
#....### ###.........###
...### ##........# ))..#
#.......## ....###
###.).....#


You could see an orc warrior.

Vanquished Creatures
  5 two-headed ogres
  Pikel (D:4)
  2 orc knights (Orc:1)
  An ugly thing (D:9)
  A troll (Orc:1)
  Eustachio (D:6)
  A spriggan (D:7)
  Menkaure (D:4)
  3 wargs
  3 phantoms
  A black bear (D:8)
  A slave (D:4)
  13 orc warriors
  3 ice beasts
  2 necrophages (D:9)
  A sky beast (D:9)
  2 centaurs
  8 ogres
  A crocodile (D:8)
  A big kobold (D:7)
  3 bullfrogs
  A water moccasin skeleton (D:9)
  3 scorpions
  9 killer bees
  5 howler monkeys
  A bullfrog zombie (D:6)
  4 crimson imps
  2 centaur zombies
  A bullfrog skeleton (D:8)
  3 jellies
  12 orc priests
  6 hounds
  13 orc wizards
  5 iguanas
  5 worker ants
  A hound zombie (D:7)
  4 hound skeletons
  15 adders
  16 gnolls
  A worker ant zombie (D:5)
  2 oozes
  2 adder skeletons (D:5)
  6 worms
  4 dart slugs
  4 leopard geckos
  58 orcs
  5 giant cockroaches
  15 goblins
  14 hobgoblins
  14 jackals
  4 quokkas
  2 ball pythons (D:3)
  3 bats
  5 frilled lizards
  19 kobolds
  A quokka skeleton (D:5)
  9 rats
329 creatures vanquished.

Vanquished Creatures (collateral kills)
  An orc wizard (D:4)
  An orc priest (D:4)
  A jelly (D:8)
  3 orcs (D:4)
  A jackal (D:4)
  A frilled lizard (D:4)
  A kobold (D:4)
9 creatures vanquished.

Vanquished Creatures (others)
  A slave (D:8)
  A water moccasin (D:8)
  An orc warrior (Orc:1)
  2 bullfrogs (D:6)
  2 adders
  An adder skeleton (D:4)
  5 orcs
  A goblin (D:4)
  2 hobgoblins (D:4)
  A quokka skeleton (D:7)
  2 fungi (D:6)
19 creatures vanquished.

Grand Total: 357 creatures vanquished

Notes
Turn   | Place    | Note
-------+----------+-------------------------------------------
     0 | D:1      | grizmgrazm2 the Gnoll Transmuter began the quest for the Orb.
     0 | D:1      | Reached XP level 1. HP: 17/17 MP: 6/6
   249 | D:2      | Reached XP level 2. HP: 23/23 MP: 5/7
   373 | D:2      | Reached XP level 3. HP: 11/28 MP: 9/9
   671 | D:2      | Learned a level 3 spell: Spider Form
   734 | D:3      | Found a sacrificial altar of Ru.
   739 | D:3      | Reached skill level 5 in Spellcasting
   760 | D:3      | Became a worshipper of Ru the Awakened
  1212 | D:1      | Found a shattered altar of Ashenzari.
  1246 | D:1      | Reached skill level 1 in Invocations
  1254 | D:1      | Learned a level 2 spell: Sticks to Snakes
  1763 | D:2      | Found a faded altar of an unknown god.
  1763 | D:2      | Found a hide-covered altar of Uskayaw.
  1770 | D:2      | Reached skill level 1 in Short Blades
  1770 | D:2      | Reached skill level 1 in Long Blades
  1770 | D:2      | Reached skill level 1 in Axes
  1770 | D:2      | Reached skill level 1 in Maces & Flails
  1770 | D:2      | Reached skill level 1 in Polearms
  1770 | D:2      | Reached skill level 1 in Staves
  1770 | D:2      | Reached skill level 1 in Slings
  1770 | D:2      | Reached skill level 1 in Bows
  1770 | D:2      | Reached skill level 1 in Crossbows
  1770 | D:2      | Reached skill level 1 in Throwing
  1770 | D:2      | Reached skill level 1 in Armour
  1770 | D:2      | Reached skill level 1 in Stealth
  1770 | D:2      | Reached skill level 1 in Shields
  1770 | D:2      | Reached skill level 1 in Evocations
  1770 | D:2      | Reached XP level 4. HP: 33/34 MP: 9/11
  1778 | D:2      | Found a glowing silver altar of Zin.
  1783 | D:2      | Found an ancient bone altar of Kikubaaqudgha.
  1786 | D:2      | Found a faded altar of an unknown god.
  2050 | D:2      | Found an iron altar of Okawaru.
  2054 | D:2      | Gained mutation: You are missing a hand. [Ru sacrifice]
  2054 | D:2      | Reached * piety under Ru
  2054 | D:2      | Reached ** piety under Ru
  2265 | D:2      | Found a hazy altar of Hepliaklqana.
  2318 | D:2      | Reached skill level 1 in Conjurations
  2318 | D:2      | Reached skill level 1 in Hexes
  2318 | D:2      | Reached skill level 1 in Charms
  2318 | D:2      | Reached skill level 1 in Summonings
  2318 | D:2      | Reached skill level 1 in Necromancy
  2318 | D:2      | Reached skill level 1 in Translocations
  2318 | D:2      | Reached skill level 1 in Fire Magic
  2318 | D:2      | Reached skill level 1 in Ice Magic
  2318 | D:2      | Reached skill level 1 in Air Magic
  2318 | D:2      | Reached skill level 1 in Earth Magic
  2318 | D:2      | Reached skill level 1 in Poison Magic
  2576 | D:3      | Reached XP level 5. HP: 22/40 MP: 5/12
  2756 | D:3      | Noticed an ogre
  2767 | D:3      | Killed an ogre
  2767 | D:3      | Reached skill level 1 in Bows
  2767 | D:3      | Reached XP level 6. HP: 47/47 MP: 11/13
  3142 | D:3      | Reached skill level 5 in Dodging
  3485 | D:3      | Learned a level 4 spell: Ice Form
  3491 | D:3      | Learned a level 5 spell: Blade Hands
  3852 | D:4      | Reached XP level 7. HP: 22/52 MP: 13/15
  4297 | D:4      | Reached skill level 7 in Unarmed Combat
  4302 | D:4      | Noticed Menkaure
  4310 | D:4      | Killed Menkaure
  4680 | D:4      | Noticed Pikel
  4687 | D:5      | Entered Level 5 of the Dungeon
  4707 | D:4      | Killed Pikel
  4707 | D:4      | Reached XP level 8. HP: 43/60 MP: 10/16
  5037 | D:4      | Gained mutation: You cannot be stealthy. [Ru sacrifice]
  5037 | D:4      | Reached *** piety under Ru
  5136 | D:4      | Found a stormy altar of Qazlal.
  5416 | D:5      | Found a shattered altar of Ashenzari.
  5731 | D:5      | Found a staircase to the Ecumenical Temple.
  5851 | D:5      | Reached XP level 9. HP: 59/66 MP: 15/18
  5950 | D:5      | Noticed a two-headed ogre
  5961 | D:5      | Killed a two-headed ogre
  5961 | D:5      | Reached skill level 5 in Fighting
  5961 | D:5      | Reached skill level 5 in Transmutations
  6427 | D:5      | Found a deep blue altar of Sif Muna.
  6427 | D:5      | Found a shimmering altar of Xom.
  6769 | D:7      | Found a radiant altar of Vehumet.
  6901 | D:6      | Reached skill level 8 in Unarmed Combat
  7404 | D:6      | Noticed Eustachio
  7419 | D:6      | Killed Eustachio
  7419 | D:6      | Reached skill level 5 in Invocations
  7847 | D:6      | Found a sparkling altar of Nemelex Xobeh.
  8011 | D:7      | Reached XP level 10. HP: 73/74 MP: 16/20
  8028 | D:7      | Gained mutation: You are somewhat inexperienced. (-2 XL) [Ru sacrifice]
  8028 | D:7      | Reached XP level 9. HP: 51/68 MP: 19/19
  8028 | D:7      | Reached XP level 8. HP: 51/63 MP: 18/18
  8028 | D:7      | Reached **** piety under Ru
  8028 | D:7      | Reached ***** piety under Ru
  8126 | D:7      | Found an iron altar of Okawaru.
  8270 | D:7      | Noticed a spriggan baker
  8280 | D:7      | Killed a spriggan baker
  8322 | D:7      | Reached skill level 5 in Short Blades
  8322 | D:7      | Reached skill level 5 in Long Blades
  8322 | D:7      | Reached skill level 5 in Axes
  8322 | D:7      | Reached skill level 5 in Maces & Flails
  8322 | D:7      | Reached skill level 5 in Polearms
  8322 | D:7      | Reached skill level 5 in Staves
  8322 | D:7      | Reached skill level 5 in Slings
  8322 | D:7      | Reached skill level 5 in Crossbows
  8322 | D:7      | Reached skill level 5 in Throwing
  8322 | D:7      | Reached skill level 5 in Armour
  8322 | D:7      | Reached skill level 5 in Evocations
  8895 | D:7      | Reached XP level 9. HP: 69/69 MP: 14/19
  9117 | D:8      | Noticed a two-headed ogre
  9136 | D:8      | Killed a two-headed ogre
  9136 | D:8      | Reached skill level 5 in Bows
  9675 | D:8      | Found a radiant altar of Vehumet.
 10003 | D:8      | Found a blossoming altar of Fedhas.
 10006 | D:8      | Found an opulent altar of Gozag.
 10009 | D:8      | Found a shadowy altar of Dithmenos.
 10177 | D:8      | Noticed a two-headed ogre
 10187 | D:8      | Killed a two-headed ogre
 10187 | D:8      | Reached XP level 10. HP: 28/76 MP: 17/21
 10575 | D:8      | Found Riah's Magic Scroll Shoppe.
 10583 | D:8      | Bought a scroll of torment for 105 gold pieces
 10583 | D:8      | Bought a scroll of magic mapping for 49 gold pieces
 10583 | D:8      | Bought a scroll of magic mapping for 49 gold pieces
 10583 | D:8      | Bought a scroll of identify for 28 gold pieces
 10583 | D:8      | Bought a scroll of identify for 28 gold pieces
 10583 | D:8      | Bought a scroll of enchant armour for 105 gold pieces
 10583 | D:8      | Bought a scroll of identify for 28 gold pieces
 10583 | D:8      | Bought a scroll of identify for 28 gold pieces
 10583 | D:8      | Bought a scroll of identify for 28 gold pieces
 10583 | D:8      | Bought a scroll of enchant weapon for 105 gold pieces
 10746 | D:9      | Noticed a two-headed ogre
 10760 | D:9      | Killed a two-headed ogre
 10899 | D:9      | Found a staircase to the Orcish Mines.
 10960 | D:9      | Reached skill level 9 in Unarmed Combat
 11013 | D:9      | Noticed a cyan ugly thing
 11025 | D:9      | Killed a cyan ugly thing
 11025 | D:9      | Reached skill level 5 in Conjurations
 11025 | D:9      | Reached skill level 5 in Hexes
 11025 | D:9      | Reached skill level 5 in Charms
 11025 | D:9      | Reached skill level 5 in Summonings
 11025 | D:9      | Reached skill level 5 in Necromancy
 11025 | D:9      | Reached skill level 5 in Translocations
 11025 | D:9      | Reached skill level 5 in Fire Magic
 11025 | D:9      | Reached skill level 5 in Ice Magic
 11025 | D:9      | Reached skill level 5 in Air Magic
 11025 | D:9      | Reached skill level 5 in Earth Magic
 11025 | D:9      | Reached skill level 5 in Poison Magic
 11343 | Orc:1    | Entered Level 1 of the Orcish Mines
 11379 | Orc:1    | Noticed a two-headed ogre
 11407 | D:9      | Killed a two-headed ogre
 11429 | Orc:1    | Reached XP level 11. HP: 82/83 MP: 23/23
 11874 | Orc:1    | Noticed an orc knight
 11888 | Orc:1    | Killed an orc knight
 12266 | Orc:2    | Entered Level 2 of the Orcish Mines
 12526 | Orc:2    | Noticed an orc sorcerer
 12546 | Orc:2    | Noticed an orc knight
 13302 | Orc:1    | Killed an orc knight
 14144 | Orc:1    | Slain by an orc warrior

Vault maps used:
D:1:      giann_horns, ashenzari_altar_1
D:2:      lemuel_round_altar, chequers_temple_overflow_minitemple,
          serial_forest, infiniplex_forest_end_1,
          infiniplex_forest_clump_curved, infiniplex_forest_join,
          infiniplex_forest_straight_3, infiniplex_forest_clump_tiny,
          infiniplex_forest_clump_medium, okawaru_metal_pillars_1_2
D:3:      nicolae_ru_sacrificial_ziggurat, minmay_fountain_box, minmay_cut_off
D:4:      corexii_shantytown, first_ration, grunt_decor_arrowhead,
          grunt_qazlal_clouds, uniq_menkaure, uniq_pikel
D:5:      old_standard_altar, gammafunk_temple_overflow_wave,
          minmay_temple_entry_large_hall, st_stairs_9
D:6:      lemuel_coloured_pillars_altar, minmay_gold_behind_fungi,
          uniq_eustachio
D:7:      basic_altar, the_bakery, minmay_ruined_shrine
D:8:      lemuel_round_altar, grunt_temple_overflow_diamond, serial_shops, shop
D:9:      orc_0_dummy, skrybe_limestone_x, minmay_misc_feat_rows
Orc:2:    st_orc_open

Skill      XL: |  1  2  3  4  5  6  7  8  9 10 11 |
---------------+----------------------------------+-----
Spellcasting   | 5 6 8 |  8.3
Invocations    | 1 2 3 4 6 7 |  7.2
Short Blades   | 1 2 3 5 4 6 |  6.5
Long Blades    | 1 2 3 5 4 6 |  6.5
Axes           | 1 2 3 5 4 6 |  6.5
Maces & Flails | 1 2 3 5 4 6 |  6.5
Polearms       | 1 2 3 5 4 6 |  6.5
Staves         | 1 2 3 5 4 6 |  6.5
Slings         | 1 2 3 5 4 6 |  6.5
Bows           | 1 0 1 2 3 5 6 |  6.3
Crossbows      | 1 2 3 5 4 6 |  6.5
Throwing       | 1 2 3 5 4 6 |  6.5
Armour         | 1 2 3 5 4 6 |  6.5
Stealth        | 1 2 3 0 |  0.0
Shields        | 1 0 |  0.0
Evocations     | 1 2 3 5 4 6 |  6.5
Conjurations   | 1 2 4 5 |  5.4
Hexes          | 1 2 4 5 |  5.4
Charms         | 1 2 4 5 |  5.4
Summonings     | 1 2 4 5 |  5.4
Necromancy     | 1 2 4 5 |  5.4
Translocations | 1 2 4 5 |  5.4
Fire Magic     | 1 2 4 5 |  5.4
Ice Magic      | 1 2 4 5 |  5.4
Air Magic      | 1 2 4 5 |  5.4
Earth Magic    | 1 2 4 5 |  5.4
Poison Magic   | 1 2 4 5 |  5.4
Fighting       | 3 4 6 7 |  7.1
Transmutations | 4 6 |  6.7
Dodging        | 5 7 8 |  8.1
Unarmed Combat | 7 8 9 |  9.3

Action                   |  1- 3 |  4- 6 |  7- 9 | 10-12 || total
-------------------------+-------+-------+-------+-------++-------
Melee: Unarmed           |    69 |    88 |   297 |   269 ||   723
       Kick              |     9 |     7 |    36 |       ||    52
       Bite              |     1 |    17 |    21 |     5 ||    44
       Headbutt          |       |    11 |       |       ||    11
       Punch             |       |     1 |       |       ||     1
       Flail             |       |    59 |   174 |    18 ||   251
 Cast: Beastly Appendage |    20 |    17 |    26 |       ||    63
       Spider Form       |     2 |     3 |    36 |    31 ||    72
       Sticks to Snakes  |       |       |    12 |     2 ||    14
       Ice Form          |       |       |     2 |       ||     2
Invok: Sacrifice a Hand  |       |     1 |       |       ||     1
       Sacrifice Stealth |       |       |     1 |       ||     1
       Sacrifice Experie |       |       |     1 |       ||     1
       Reject Sacrifices |       |       |       |     1 ||     1
  Use: Scroll            |     7 |     3 |     9 |    12 ||    31
       Potion            |       |     3 |     2 |     7 ||    12
 Stab: Sleeping          |     2 |       |     1 |       ||     3
       Invisible         |       |     2 |       |     1 ||     3
       Distracted        |       |       |     3 |     4 ||     7
       Paralysed         |       |       |       |     2 ||     2
  Eat: Chunk             |     3 |     7 |    22 |     7 ||    39
       Ration            |       |       |       |     2 ||     2
Armor: Robe              |     1 |       |       |       ||     1
       Leather armour    |     5 |     4 |       |       ||     9
       Ring mail         |       |    48 |    97 |     9 ||   154
       Skin              |       |       |     8 |     1 ||     9
Dodge: Dodged            |    33 |   170 |   457 |   268 ||   928

Table legend:
 A = Spawn XP
 B = Non-spawn XP
 C = Spawn XP percentage of total XP
 D = Spawn monster count
 E = Non-spawn monster count
 F = Spawn count percentage of total count
 G = Total turns spent on level
                    A         B        C        D         E        F      G
               +---------+---------+-------+---------+---------+-------+---------
         Total |       0 |   16933 |   0.0 |       0 |     339 |   0.0 | 14144
               +---------+---------+-------+---------+---------+-------+---------
           D:1 |       0 |      37 |   0.0 |       0 |      19 |   0.0 |  1064
           D:2 |       0 |     127 |   0.0 |       0 |      32 |   0.0 |  1889
           D:3 |       0 |     363 |   0.0 |       0 |      27 |   0.0 |   876
           D:4 |       0 |    1207 |   0.0 |       0 |      60 |   0.0 |  1548
           D:5 |       0 |    1781 |   0.0 |       0 |      33 |   0.0 |  1125
           D:6 |       0 |    1117 |   0.0 |       0 |      26 |   0.0 |  1489
           D:7 |       0 |    1418 |   0.0 |       0 |      29 |   0.0 |  1299
           D:8 |       0 |    2985 |   0.0 |       0 |      32 |   0.0 |  1368
           D:9 |       0 |    3752 |   0.0 |       0 |      26 |   0.0 |   716
         Orc:1 |       0 |    3995 |   0.0 |       0 |      51 |   0.0 |  2735
         Orc:2 |       0 |     151 |   0.0 |       0 |       4 |   0.0 |    35
               +---------+---------+-------+---------+---------+-------+---------
